SNL (28 & UNDER)
WICHITA WRANGLERS @ SALEM SILVER SOULS
08/15/2025
 
TOP OF THE 1ST
Wichita Wranglers batting - Pitching for Salem Silver Souls : RHP Isaac Coleman
Pitching: RHP Isaac Coleman
Batting: RHB Tom Howe 0-0: Called Strike
0-1: Foul Ball, location: 2F
0-2: Ball
1-2: Ball
2-2: Strikes out looking
Batting: RHB Ed Watkins 0-0: Called Strike
0-1: Ball
1-1: Ball
2-1: Ball
3-1: Foul Ball, location: 2F
3-2: Foul Ball, location: 2F
3-2: Strikes out swinging
Batting: RHB Bob Hall 0-0: Foul Ball, location: 2F
0-1: Swinging Strike
0-2: Ball
1-2: Ball
2-2: Ball
3-2: Base on Balls
Batting: RHB Don Thomas 0-0: Ball
1-0: Ball
2-0: Called Strike
2-1: Ball
3-1: Foul Ball, location: 2F
3-2: Base on Balls
Bob Hall to second
Batting: LHB Alfredo Sánchez 0-0: Called Strike
0-1: Foul Ball, location: 2F
0-2: Fly out, F5 (Popup, 5F)
Top of the 1st over - 0 run(s), 0 hit(s), 0 error(s), 2 left on base; Wichita 0 - Salem 0
BOTTOM OF THE 1ST
Salem Silver Souls batting - Pitching for Wichita Wranglers : LHP Craig Sturdy
Pitching: LHP Craig Sturdy
Batting: LHB Nick Scott 0-0: Bunted foul
0-1: Ball
1-1: Ball
2-1: Ground out 3-1 (Groundball, 34)
Batting: RHB Jesús Gutiérrez 0-0: Ground out 6-3 (Groundball, 6)
Batting: RHB Peter Hensley 0-0: Ground out 6-3 (Groundball, 6S)
Bottom of the 1st over - 0 run(s), 0 hit(s), 0 error(s), 0 left on base; Wichita 0 - Salem 0
TOP OF THE 2ND
Wichita Wranglers batting - Pitching for Salem Silver Souls : RHP Isaac Coleman
Batting: RHB Desi Thompson 0-0: Called Strike
0-1: Ground out 4-3 (Groundball, 4)
Batting: RHB Doug Delaney 0-0: Ball
1-0: Fly out, F4 (Popup, 4)
Batting: RHB Werner Watkins 0-0: Ball
1-0: Called Strike
1-1: Foul Ball, location: 2F
1-2: Strikes out looking
Top of the 2nd over - 0 run(s), 0 hit(s), 0 error(s), 0 left on base; Wichita 0 - Salem 0
BOTTOM OF THE 2ND
Salem Silver Souls batting - Pitching for Wichita Wranglers : LHP Craig Sturdy
Batting: RHB Lonson Seals 0-0: Called Strike
0-1: Ball
1-1: Ball
2-1: Ground out 6-3 (Groundball, 6M)
Batting: LHB Raúl Cordero 0-0: Called Strike
0-1: Called Strike
0-2: Foul Ball, location: 2F
0-2: Strikes out swinging
Batting: RHB Carlos García 0-0: Ball
1-0: Foul Ball, location: 2F
1-1: Fly out, F8 (Flyball, 8RXD)
Bottom of the 2nd over - 0 run(s), 0 hit(s), 0 error(s), 0 left on base; Wichita 0 - Salem 0
TOP OF THE 3RD
Wichita Wranglers batting - Pitching for Salem Silver Souls : RHP Isaac Coleman
Batting: RHB Dave Henderson 0-0: Ground out 6-3 (Groundball, 6)
Batting: RHB Tom Howe 0-0: Called Strike
0-1: Called Strike
0-2: Foul Ball, location: 2F
0-2: Ball
1-2: Strikes out looking
Batting: RHB Ed Watkins 0-0: Ball
1-0: Ground out 1-3 (Groundball, 15S)
Top of the 3rd over - 0 run(s), 0 hit(s), 0 error(s), 0 left on base; Wichita 0 - Salem 0
BOTTOM OF THE 3RD
Salem Silver Souls batting - Pitching for Wichita Wranglers : LHP Craig Sturdy
Batting: RHB Gabriel Miranda 0-0: Ground out 4-3 (Groundball, 4M)
Batting: RHB Mario Méndez 0-0: Ball
1-0: SOLO HOME RUN (Flyball, 78XD), Distance : 414 ft
Batting: SHB Francis Shaffer 0-0: Called Strike
0-1: Ball
1-1: Ground out 4-3 (Groundball, 4)
Batting: LHB Nick Scott 0-0: Ball
1-0: Ball
2-0: Ball
3-0: Base on Balls
Batting: RHB Jesús Gutiérrez 0-0: Swinging Strike
Nick Scott steals 2nd base
0-1: Called Strike
0-2: Strikes out swinging
Bottom of the 3rd over - 1 run(s), 1 hit(s), 0 error(s), 1 left on base; Wichita 0 - Salem 1
TOP OF THE 4TH
Wichita Wranglers batting - Pitching for Salem Silver Souls : RHP Isaac Coleman
Batting: RHB Bob Hall 0-0: Called Strike
0-1: Called Strike
0-2: Ball
1-2: Strikes out swinging
Batting: RHB Don Thomas 0-0: Ball
1-0: Ball
2-0: Called Strike
2-1: Ball
3-1: Foul Ball, location: 2F
3-2: Ground out 6-3 (Groundball, 6)
Batting: LHB Alfredo Sánchez 0-0: Foul Ball, location: 2F
0-1: Ball
1-1: Foul Ball, location: 2F
1-2: SINGLE (Line Drive, 56)
Batting: RHB Desi Thompson 0-0: Ball
1-0: Called Strike
1-1: Ball
2-1: Foul Ball, location: 2F
2-2: Strikes out swinging
Top of the 4th over - 0 run(s), 1 hit(s), 0 error(s), 1 left on base; Wichita 0 - Salem 1
BOTTOM OF THE 4TH
Salem Silver Souls batting - Pitching for Wichita Wranglers : LHP Craig Sturdy
Batting: RHB Peter Hensley 0-0: Called Strike
0-1: Fly out, F9 (Popup, 89S)
Batting: RHB Lonson Seals 0-0: Ball
1-0: Called Strike
1-1: Foul Ball, location: 2F
1-2: Ball
2-2: Ball
3-2: Foul Ball, location: 2F
3-2: Strikes out looking
Batting: LHB Raúl Cordero 0-0: Swinging Strike
0-1: Foul Ball, location: 2F
0-2: Foul Ball, location: 2F
0-2: SINGLE (Line Drive, 8RS)
Batting: RHB Carlos García 0-0: Fly out, F6 (Popup, 5DF)
Bottom of the 4th over - 0 run(s), 1 hit(s), 0 error(s), 1 left on base; Wichita 0 - Salem 1
TOP OF THE 5TH
Wichita Wranglers batting - Pitching for Salem Silver Souls : RHP Isaac Coleman
Batting: RHB Doug Delaney 0-0: Called Strike
0-1: Ground out 1-3 (Groundball, 13S)
Batting: RHB Werner Watkins 0-0: Called Strike
0-1: Ball
1-1: Ball
2-1: Fly out, F8 (Flyball, 8RM)
Batting: RHB Dave Henderson 0-0: Swinging Strike
0-1: Ball
1-1: Ball
2-1: Swinging Strike
2-2: Strikes out swinging
Top of the 5th over - 0 run(s), 0 hit(s), 0 error(s), 0 left on base; Wichita 0 - Salem 1
BOTTOM OF THE 5TH
Salem Silver Souls batting - Pitching for Wichita Wranglers : LHP Craig Sturdy
Batting: RHB Gabriel Miranda 0-0: Ball
1-0: Swinging Strike
1-1: Foul Ball, location: 2F
1-2: Ground out 6-3 (Groundball, 6)
Batting: RHB Mario Méndez 0-0: Swinging Strike
0-1: Foul Ball, location: 2F
0-2: Ball
1-2: Strikes out swinging
Batting: SHB Francis Shaffer 0-0: Ball
1-0: Ball
2-0: Called Strike
2-1: Foul Ball, location: 2F
2-2: SINGLE (Line Drive, 9S)
Batting: LHB Nick Scott 0-0: Ball
1-0: Ball
2-0: Foul Ball, location: 2F
2-1: Called Strike
2-2: Foul Ball, location: 2F
2-2: Fly out, F8 (Flyball, 78M)
Bottom of the 5th over - 0 run(s), 1 hit(s), 0 error(s), 1 left on base; Wichita 0 - Salem 1
TOP OF THE 6TH
Wichita Wranglers batting - Pitching for Salem Silver Souls : RHP Isaac Coleman
Batting: RHB Tom Howe 0-0: Ball
1-0: Swinging Strike
1-1: Called Strike
1-2: Ball
2-2: Strikes out looking
Batting: RHB Ed Watkins 0-0: Ball
1-0: Ball
2-0: Ball
3-0: Called Strike
3-1: Ground out 6-3 (Groundball, 56)
Batting: RHB Bob Hall 0-0: Ball
1-0: Ball
2-0: Foul Ball, location: 2F
2-1: Called Strike
2-2: Strikes out looking
Top of the 6th over - 0 run(s), 0 hit(s), 0 error(s), 0 left on base; Wichita 0 - Salem 1
BOTTOM OF THE 6TH
Salem Silver Souls batting - Pitching for Wichita Wranglers : LHP Craig Sturdy
Batting: RHB Jesús Gutiérrez 0-0: Ball
1-0: Ground out 5-3 (Groundball, 6)
Batting: RHB Peter Hensley 0-0: Ground out 5-3 (Groundball, 56)
Batting: RHB Lonson Seals 0-0: Called Strike
0-1: Foul Ball, location: 2F
0-2: Ball
1-2: Ball
2-2: Ball
3-2: SOLO HOME RUN (Line Drive, 8LXD), Distance : 429 ft
Batting: LHB Raúl Cordero 0-0: Ground out 4-3 (Groundball, 4)
Bottom of the 6th over - 1 run(s), 1 hit(s), 0 error(s), 0 left on base; Wichita 0 - Salem 2
TOP OF THE 7TH
Wichita Wranglers batting - Pitching for Salem Silver Souls : RHP Isaac Coleman
Batting: RHB Don Thomas 0-0: Foul Ball, location: 2F
0-1: Ball
1-1: Ground out U3 (Groundball, 3)
Batting: LHB Alfredo Sánchez 0-0: Ball
1-0: Ball
2-0: Ball
3-0: Called Strike
3-1: Called Strike
3-2: Strikes out swinging
Batting: RHB Desi Thompson 0-0: Called Strike
0-1: Foul Ball, location: 2F
0-2: Strikes out swinging
Top of the 7th over - 0 run(s), 0 hit(s), 0 error(s), 0 left on base; Wichita 0 - Salem 2
BOTTOM OF THE 7TH
Salem Silver Souls batting - Pitching for Wichita Wranglers : LHP Craig Sturdy
Batting: RHB Carlos García 0-0: Ball
1-0: Fly out, F2 (Popup, 2L)
Batting: RHB Gabriel Miranda 0-0: Called Strike
0-1: SINGLE (Line Drive, 6MD)
Batting: RHB Mario Méndez 0-0: Called Strike
0-1: Fly out, F8 (Flyball, 8RD)
Batting: SHB Francis Shaffer 0-0: Called Strike
Gabriel Miranda is caught stealing 2nd base
Bottom of the 7th over - 0 run(s), 1 hit(s), 0 error(s), 0 left on base; Wichita 0 - Salem 2
TOP OF THE 8TH
Wichita Wranglers batting - Pitching for Salem Silver Souls : RHP Isaac Coleman
Pitching: RHP Jeff Hansen
Now at C: Alejandro Martínez
Now in CF: Gustavo Pagán
Batting: RHB Doug Delaney 0-0: Swinging Strike
0-1: Ball
1-1: Swinging Strike
1-2: Foul Ball, location: 2F
1-2: Ball
2-2: Ball
3-2: Strikes out swinging
Batting: RHB Werner Watkins 0-0: Ball
1-0: TRIPLE (Flyball, 9LD)
Batting: RHB Dave Henderson 0-0: Swinging Strike
0-1: Ball
1-1: Called Strike
1-2: Hit by Pitch
Pinch Hitting: SHB Javier Peña 0-0: Ball
1-0: Ball
2-0: SINGLE (Groundball, 6MD)
Werner Watkins scores
Dave Henderson to second
Batting: RHB Ed Watkins 0-0: Swinging Strike
0-1: Grounds into double play, 1-6-3 (Groundball, 15)
Top of the 8th over - 1 run(s), 2 hit(s), 0 error(s), 1 left on base; Wichita 1 - Salem 2
BOTTOM OF THE 8TH
Salem Silver Souls batting - Pitching for Wichita Wranglers : LHP Craig Sturdy
Now in RF: Javier Peña
Batting: SHB Francis Shaffer 0-0: Ball
1-0: Ball
2-0: Fly out, F6 (Popup, 6M)
Batting: LHB Nick Scott 0-0: Called Strike
0-1: Fly out, F5 (Popup, 2L)
Batting: RHB Jesús Gutiérrez 0-0: Ball
1-0: Swinging Strike
1-1: Called Strike
1-2: Ball
2-2: Foul Ball, location: 2F
2-2: Foul Ball, location: 2F
2-2: Ball
3-2: Ground out 5-3 (Groundball, 5S)
Bottom of the 8th over - 0 run(s), 0 hit(s), 0 error(s), 0 left on base; Wichita 1 - Salem 2
TOP OF THE 9TH
Wichita Wranglers batting - Pitching for Salem Silver Souls : RHP Jeff Hansen
Pitching: RHP Andy Hickey
Now at 2B: Augusto Baiano
Batting: RHB Bob Hall 0-0: Ball
1-0: Called Strike
1-1: Swinging Strike
1-2: Ball
2-2: Ball
3-2: Strikes out swinging
Batting: RHB Don Thomas 0-0: Called Strike
0-1: Foul Ball, location: 2F
0-2: Foul Ball, location: 2F
0-2: Hit by Pitch
Batting: LHB Alfredo Sánchez 0-0: Ball
1-0: Called Strike
1-1: Foul Ball, location: 2F
1-2: Strikes out swinging
Batting: RHB Desi Thompson 0-0: Called Strike
0-1: Swinging Strike
0-2: Ball
1-2: Foul Ball, location: 2F
1-2: SINGLE (Groundball, 4MD)
Don Thomas to second
Runner from 2nd tries for 3rd, SAFE, throw made to third
Batting: RHB Doug Delaney 0-0: Swinging Strike
0-1: SINGLE (Line Drive, 9S)
Don Thomas scores
Desi Thompson to second
Runner from 2nd tries for 3rd, SAFE, throw made to third
Now in RF: Ezechiele Bruno
Pinch Hitting: LHB José Hernández 0-0: Ball
1-0: DOUBLE (Line Drive, 7LS)
Desi Thompson scores
Doug Delaney to third
Runner from 3rd tries for Home, SAFE, no throw or cutoff
Batting: RHB Dave Henderson 0-0: Called Strike
0-1: Ball
1-1: Ball
2-1: Foul Ball, location: 2F
2-2: Ball
3-2: Foul Ball, location: 2F
3-2: Ground out 3-1 (Groundball, 3L)
Top of the 9th over - 3 run(s), 3 hit(s), 0 error(s), 1 left on base; Wichita 4 - Salem 2
BOTTOM OF THE 9TH
Salem Silver Souls batting - Pitching for Wichita Wranglers : LHP Craig Sturdy
Pitching: RHP Pedro Rivera
Now in RF: Bill Frazier
Batting: RHB Peter Hensley 0-0: Called Strike
0-1: Called Strike
0-2: Strikes out swinging
Batting: RHB Augusto Baiano 0-0: Called Strike
0-1: Ball
1-1: Ball
2-1: Called Strike
2-2: Ground out 6-3 (Groundball, 56)
Batting: LHB Raúl Cordero 0-0: Ball
1-0: Called Strike
1-1: Foul Ball, location: 2F
1-2: Strikes out swinging
Bottom of the 9th over - 0 run(s), 0 hit(s), 0 error(s), 0 left on base; Wichita 4 - Salem 2
This league is powered by Out of the Park Baseball, the baseball management simulation game for PC, Mac and Linux
Tuesday, August 2nd, 2016 - OOTP Baseball 16.8 Build 38